 Dungeon Crawl Stone Soup version 0.31-a0-217-g58bb5d79cf (webtiles) character file.

Game seed: 13540293224721079485

130 qw the Chopper (level 5, -5/32 HPs)
             Began as a Gargoyle Fighter on July 2, 2023.
             Slain by Duvessa
             ... wielding a +0 short sword
              (7 damage)
             ... on level 4 of the Dungeon.
             The game lasted 00:01:21 (2764 turns).

qw the Chopper (Gargoyle Fighter)                   Turns: 2764, Time: 00:01:21

Health: -5/32      AC: 15    Str: 22    XL:     5   Next: 13%
Magic:  5/5        EV:  8    Int:  8    God:
Gold:   227        SH:  4    Dex:  9    Spells: 4/4 levels left

rFire   . . .        Y - +1 war axe (elec)
rCold   . . .        c - +0 buckler
rNeg    + . .        f - +0 chain mail
rPois   inf          (no helmet)
rElec   +            j - +0 cloak
rCorr   .            b - +0 pair of gloves
SInv    .            (no boots)
Will    .....        (no amulet) Stlth
                     (no ring)
HPRegen 0.25/turn    (no ring)
MPRegen 0.09/turn

%: no passive effects
@: no status effects
A: sickness immunity, AC +4, negative energy resistance 1, electricity
resistance, torment resistance 1, petrification resistance
a: no special abilities


You were on level 4 of the Dungeon.
You visited 1 branch of the dungeon, and saw 4 of its levels.

You collected 227 gold pieces.


Innate Abilities, Weirdness & Mutations

You are immune to sickness and miasma.
Your stone body is resilient. (AC +4)
You are immune to poison.
You resist negative energy. (rN+)
You are resistant to electric shocks. (rElec)
You are resistant to unholy torment.
You are immune to petrification.


   Skills:
 - Level 3.2 Fighting
 + Level 4.7 Axes
 - Level 3.2 Armour
 - Level 3.2 Shields


You had 4 spell levels left.
You didn't know any spells.
Your spell library was empty.

Inventory:

Hand Weapons
 m - a +0 mace
 Y - a +1 war axe of electrocution (weapon)
Missiles
 a - 3 boomerangs
Armour
 b - a +0 pair of gloves (worn)
 c - a +0 buckler (worn)
 f - a +0 chain mail (worn)
 j - a +0 cloak (worn)
Jewellery
 l - a ring of fire
Potions
 d - a potion of might
 e - 3 potions of attraction {unknown}
 g - a potion of haste
 h - a potion of berserk rage
 i - a potion of curing
 k - a potion of mutation {unknown}

Dungeon Overview and Level Annotations

Branches:
Dungeon (4/15)
 Temple: D:4-7

Altars:
Dithmenos
Kikubaaqudgha

Annotations:
D:4 1 runed translucent door, Crazy Yiuf, Dowan, Duvessa


Message History

Things that are here:
a +0 mace; a +0 chain mail; a +0 mace
Items here: % ))).
You see here an iguana corpse.
Found a mace.
You see here a +0 mace.
Found a stone staircase leading up.
e - 3 sapphire potions (gained 2)
Enter note:
Enter note:
Found a leather armour.
Found a stone staircase leading up.
Enter note:
Enter note:
Enter note: You now have 227 gold pieces (gained 10).
Duvessa, Sister of Dowan comes into view.
She is wielding a +0 short sword.
Duvessa shouts!
You hear a shout! x3
Dowan, Brother of Duvessa comes into view.
He is wielding a +0 dagger.
Dowan shouts!
Enter note:
Enter note:
Enter note:
2756 ||| Stepping ~*~*~tactically~*~*~ (hiding).
2757 ||| Stepping ~*~*~tactically~*~*~ (hiding).
You start waiting.
Duvessa is nearby!
You hit Duvessa.
Duvessa is lightly wounded.
Duvessa gestures with her weapon.
Duvessa drinks a potion.
Duvessa goes berserk!
You closely miss Duvessa.
Duvessa is lightly wounded.
Duvessa hits you with a +0 short sword! Duvessa completely misses you.
You hit Duvessa.
Duvessa is lightly wounded.
Duvessa hits you with a +0 short sword. Duvessa hits you but does no damage.
You closely miss Duvessa.
Duvessa is lightly wounded.
Duvessa hits you with a +0 short sword! x2
You die...

#... #..##
####... #..#.
.....ee #.##.
..... #....
=..
#.#####.##.
#.##
#.......... #
#.##
#.#####.##.
#. ##e# #.##.
#. ##@##
#.##. #.#.###
#.### #.....#
#.## #####.#
#.# #..#
#<....# #..
#..#
#.....###.###
#.##
#.........#..
#)#
#.....###.#.#
#.#
#.......#.#.#
#.#


You could see Duvessa (berserk).

Vanquished Creatures
  An iguana (D:4)
  2 adders (D:2)
  A worm (D:3)
  3 dart slugs
  12 orcs
  5 bats
  7 endoplasms
  2 giant cockroaches
  6 goblins
  5 hobgoblins
  3 quokkas
  5 ball pythons
  3 frilled lizards
  3 kobolds (D:1)
  5 rats
63 creatures vanquished.

Notes
Turn   | Place    | Note
-------+----------+-------------------------------------------
     0 | D:1      | qw the Gargoyle Fighter began the quest for the Orb.
     0 | D:1      | Reached XP level 1. HP: 14/14 MP: 1/1
     0 | D:1      | 0 ||| qw: Version: 0.3-a-40-ge99b1a8
     0 | D:1      | 0 ||| qw: Game counter: 43
     0 | D:1      | 0 ||| qw: Melee chars always use a shield: true
     0 | D:1      | 0 ||| qw: God list: Okawaru
     0 | D:1      | 0 ||| qw: Allow faded altars: false
     0 | D:1      | 0 ||| qw: Do Orc after clearing Dungeon:15 true
     0 | D:1      | 0 ||| qw: Do second Lair branch before Depths: true
     0 | D:1      | 0 ||| qw: Lair rune preference: random
     0 | D:1      | 0 ||| qw: Goals: Normal, Zot:1-4, Slime:5, God:TSO, Crypt,
                  | Tomb, Abyss, Pan, Hells, Win
     0 | D:1      | 0 ||| PLANNING D:1-11
    82 | D:2      | Reached skill level 2 in Axes
   133 | D:2      | Reached XP level 2. HP: 16/19 MP: 2/2
   228 | D:2      | Reached skill level 3 in Axes
   228 | D:2      | Reached XP level 3. HP: 23/23 MP: 3/3
   292 | D:2      | 292 ||| READING scroll labelled ULUIT NOCI.
   293 | D:2      | 293 ||| READING scroll labelled GUGUUT UPUFOU.
   298 | D:2      | 298 ||| FLEEEEING.
   300 | D:2      | 300 ||| STAIRDANCE
   316 | D:2      | 316 ||| STAIRDANCE
   438 | D:2      | 438 ||| Stepping ~*~*~tactically~*~*~ (stealth).
   496 | D:2      | 496 ||| UPGRADING to +0 chain mail.
   506 | D:2      | 506 ||| DROPPING +0 scale mail.
   507 | D:2      | 507 ||| READING scroll labelled UKAMOSOOLAA.
   508 | D:2      | 508 ||| READING scroll labelled ZADWEB GEKHAY.
   526 | D:2      | 526 ||| STAIRDANCE
   530 | D:2      | 530 ||| STAIRDANCE
   534 | D:2      | 534 ||| STAIRDANCE
   538 | D:2      | 538 ||| STAIRDANCE
   542 | D:2      | 542 ||| STAIRDANCE
   546 | D:2      | 546 ||| STAIRDANCE
   550 | D:2      | 550 ||| STAIRDANCE
   554 | D:2      | 554 ||| STAIRDANCE
   558 | D:2      | 558 ||| STAIRDANCE
   562 | D:2      | 562 ||| STAIRDANCE
   566 | D:2      | 566 ||| STAIRDANCE
   570 | D:2      | 570 ||| STAIRDANCE
   574 | D:2      | 574 ||| STAIRDANCE
   578 | D:2      | 578 ||| STAIRDANCE
   582 | D:2      | 582 ||| STAIRDANCE
   586 | D:2      | 586 ||| STAIRDANCE
   590 | D:2      | 590 ||| STAIRDANCE
   594 | D:2      | 594 ||| STAIRDANCE
   662 | D:2      | 662 ||| FLEEEEING.
   663 | D:2      | 663 ||| FLEEEEING.
   832 | D:1      | Found Hoewut's Magic Scroll Boutique.
   965 | D:1      | 965 ||| Stepping ~*~*~tactically~*~*~ (stealth).
  1000 | D:1      | 1000 ||| Stepping ~*~*~tactically~*~*~ (hiding).
  1092 | D:1      | 1092 ||| Stepping ~*~*~tactically~*~*~ (stealth).
  1406 | D:1      | Reached XP level 4. HP: 28/28 MP: 4/4
  1679 | D:1      | 1679 ||| READING scroll labelled DIYS DUORO.
  1824 | D:2      | Found a shadowy altar of Dithmenos.
  1871 | D:2      | 1871 ||| UPGRADING to +0 pair of gloves.
  1876 | D:2      | 1876 ||| UPGRADING to +0 cloak.
  1881 | D:2      | 1881 ||| DRINKING 2 blue potions.
  1975 | D:3      | Reached skill level 4 in Axes
  2044 | D:3      | Found an ancient bone altar of Kikubaaqudgha.
  2500 | D:3      | 2500 ||| READING scroll labelled YSHOINTAFF.
  2501 | D:3      | 2501 ||| READING scroll labelled BELEM SEPLOH.
  2502 | D:3      | 2502 ||| READING scroll labelled XILY POWKAITT.
  2503 | D:3      | 2503 ||| READING scroll labelled JUHOUPT WIUNO.
  2576 | D:4      | 2576 ||| Stepping ~*~*~tactically~*~*~ (hiding).
  2592 | D:4      | 2592 ||| Stepping ~*~*~tactically~*~*~ (stealth).
  2593 | D:4      | 2593 ||| Stepping ~*~*~tactically~*~*~ (stealth).
  2597 | D:4      | Reached XP level 5. HP: 32/32 MP: 5/5
  2598 | D:4      | 2598 ||| DROPPING +0 whip.
  2606 | D:4      | 2606 ||| Stepping ~*~*~tactically~*~*~ (stealth).
  2620 | D:4      | 2620 ||| Stepping ~*~*~tactically~*~*~ (stealth).
  2658 | D:4      | Found a runed translucent door.
  2659 | D:4      | Noticed Crazy Yiuf
  2755 | D:4      | Noticed Duvessa
  2755 | D:4      | Noticed Dowan
  2756 | D:4      | 2756 ||| Stepping ~*~*~tactically~*~*~ (hiding).
  2757 | D:4      | 2757 ||| Stepping ~*~*~tactically~*~*~ (hiding).
  2764 | D:4      | HP: 2/32 [Duvessa/+0 short sword (14)]
  2764 | D:4      | Slain by Duvessa

Levels and vault maps discovered:
D:1:      nicolae_arrival_escape_room, layout_basic, serial_shops, shop,
          kennysheep_another_room, minmay_misc_feat_iff, minmay_tetromino_o2
D:2:      layout_basic, basic_altar
D:3:      layout_basic, mainiacjoe_overflow_alcove_1
D:4:      layout_loops_cross, nicolae_wu_jian_immortal_techniques,
          roderic_lattice_a, uniq_crazy_yiuf_cottage, uniq_grinder,
          uniq_duvessa, uniq_robin

Skill      XL: |  1  2  3  4 |
---------------+-------------+-----
Axes           | 2 3 4 |  4.7
Fighting       | |  3.2
Armour         | |  3.2
Shields        | |  3.2

Action                     |  1- 3 |  4- 6 || total
---------------------------+-------+-------++-------
  Melee: War axe           |    75 |    62 ||   137
    Use: Scroll            |     4 |     5 ||     9
         Potion            |       |     1 ||     1
 Armour: Scale mail        |    21 |       ||    21
         Chain mail        |    21 |    29 ||    50
  Dodge: Dodged            |    20 |    19 ||    39
  Block: Buckler           |     6 |     9 ||    15

Table legend:
 A = Non-vault XP
 B = Vault XP
 C = Vault XP percentage of total XP
 D = Non-vault monster count
 E = Vault monster count
 F = Vault count percentage of total count
                 A         B        C        D         E       F
            +---------+---------+-------+---------+---------+-------
      Total |     180 |       6 |   3.2 |      61 |       2 |   3.2
            +---------+---------+-------+---------+---------+-------
        D:1 |      36 |       6 |  14.3 |      20 |       2 |   9.1
        D:2 |      44 |       0 |   0.0 |      14 |       0 |   0.0
        D:3 |      39 |       0 |   0.0 |      18 |       0 |   0.0
        D:4 |      61 |       0 |   0.0 |       9 |       0 |   0.0
            +---------+---------+-------+---------+---------+-------
